AoeStats
← PeJeLaGaRtO

Nomad

509422895Analyzed
3v3 RM · 6d ago on Sep 26, 2026· 43m 7s· 6 players
Game mode
Random Map
Map size
210×210
Population
200
Speed
Normal
Resources
Standard
Victory
Conquest
Starting age
Dark Age
Ending age
Imperial Age
RankedLock teamsTeams togetherTeam positionsShared explorationLock speedFull tech treeHidden civsTurbo modeCheats
Victory
Defeat
🇦🇷 Chinese · Argentina
933
+12
🇦🇷 Wei · Argentina
874
+15
🇦🇷 Byzantines · Argentina
768
+19
🇦🇹 Turks · Austria
848
-16
🇨🇦 Persians · Canada
847
-15
🇪🇸 Mongols · Spain
838
-15
pektas6161
15:45 Feudal Age
16:13 Double-Bit Axe
23:35 Castle Age
22:03 Horse Collar
22:17 Stone Mining
24:01 Gold Mining
26:06 Bow Saw
25:58 Heavy Plow
27:41 Gold Shaft Mining
29:16 Scale Barding Armor
42:34 Imperial Age
DingZ
9:21 Loom
14:59 Feudal Age
18:38 Horse Collar
20:43 Scale Barding Armor
25:18 Castle Age
24:52 Forging
26:11 Pikeman
29:04 Crossbowman
30:26 Wheelbarrow
29:56 Elite Skirmisher
Surfacegen
7:31 Loom
14:41 Feudal Age
17:19 Double-Bit Axe
20:15 Castle Age
28:00 Ballistics
28:22 Ballistics
28:33 Murder Holes
32:08 Town Watch
34:56 Fletching
35:06 Padded Archer Armor
bebbeeee
5:32 Loom
14:12 Feudal Age
16:02 Double-Bit Axe
17:27 Fishing Lines
21:23 Castle Age
20:34 Stone Mining
22:38 Wheelbarrow
23:14 Bow Saw
22:56 Gold Mining
23:56 Horse Collar
31:15 Imperial Age
28:38 Pikeman
28:49 Pikeman
31:46 Hand Cart
33:24 Two-Man Saw
32:50 Halberdier
35:33 Fletching
35:54 Forging
35:45 Scale Mail Armor
38:21 Ballistics
39:02 Chemistry
37:58 Murder Holes
38:17 Elite Skirmisher
39:42 Bodkin Arrow
39:47 Padded Archer Armor
40:23 Iron Casting
40:04 Chain Mail Armor
40:43 Bracer
PeJeLaGaRtO
13:46 Loom
15:52 Feudal Age
18:42 Wheelbarrow
19:55 Double-Bit Axe
19:58 Horse Collar
26:24 Castle Age
29:48 Pikeman
30:29 Squires
34:40 Arson
36:59 Forging
CondorAlbino
10:26 Loom
13:31 Feudal Age
14:08 Double-Bit Axe
15:51 Wheelbarrow
22:45 Castle Age
22:45 Scale Mail Armor
23:46 Bow Saw
23:56 Fletching
27:32 Husbandry
29:50 Hand Cart
31:19 Forging
31:15 Scale Barding Armor
32:25 Bodkin Arrow
33:07 Pikeman
35:56 Chain Mail Armor
36:16 Iron Casting
35:47 Scale Barding Armor
35:48 Squires
38:22 Tuntian
39:33 Chain Barding Armor
44:52 Imperial Age
43:19 Heated Shot
Connection lost

Rejoining the realm…

Still unreachable

The connection could not be restored.

Session expired

The server has moved on; the page needs a fresh start.